 Dungeon Crawl Stone Soup version 0.28.0 (webtiles) character file.

Game seed: 4748600325914165293

900 browni3141 the Cleaver (level 7, -12/64 HPs)
             Began as a Minotaur Berserker on Feb 17, 2022.
             Was a Believer of Trog.
             Mangled by an ogre (22 damage)
             ... on level 4 of the Dungeon.
             The game lasted 00:01:40 (3953 turns).

browni3141 the Cleaver (Minotaur Berserker)         Turns: 3953, Time: 00:01:41

Health: -12/64     AC:  5    Str: 24    XL:     7   Next: 79%
Magic:  6/6        EV: 12    Int:  4    God:    Trog [**....]
Gold:   138        SH:  0    Dex:  9    Spells: 6/6 levels left

rFire   . . .      SeeInvis .   a - +0 hand axe
rCold   . . .      Faith    .   (no shield)
rNeg    . . .      Spirit   .   b - +0 animal skin
rPois   .          Reflect  .   (helmet restricted)
rElec   .          Harm     .   k - +0 cloak
rCorr   .          Rampage  .   i - +0 pair of gloves
Will    +++..                   (no boots)
Stlth   +.........              (no amulet)
HPRegen 1.20/turn               M - ring of willpower
MPRegen 0.10/turn               (no ring)

@: strong-willed, on berserk cooldown, regenerating, slowed, very slow
A: horns 2, retaliatory headbutt
a: Renounce Religion, Berserk, Trog's Hand


You were on level 4 of the Dungeon.
You worshipped Trog.
Trog was pleased with you.
You visited 1 branch of the dungeon, and saw 4 of its levels.

You collected 138 gold pieces.


Innate Abilities, Weirdness & Mutations

You have a pair of horns on your head.
You reflexively headbutt those who attack you in melee.


   Skills:
 + Level 6.4 Fighting
 * Level 8.4 Axes
 + Level 5.8 Armour
 - Level 2.1 Dodging


You had 6 spell levels left.
You didn't know any spells.
Your spell library was empty.

Inventory:

Hand Weapons
 a - a +0 hand axe (weapon)
 q - a +0 war axe
Armour
 b - a +0 animal skin (worn)
 i - a +0 pair of gloves (worn)
 k - a +0 cloak (worn)
 r - a +0 plate armour
Jewellery
 F - a ring of fire
 M - a ring of willpower (left hand)
Scrolls
 c - 3 scrolls of immolation {unknown}
 d - a scroll of vulnerability {unknown}
 f - 2 scrolls of identify {unknown}
 g - 2 scrolls of teleportation {unknown}
 h - a scroll of enchant weapon {unknown}
 l - 2 scrolls of fog {unknown}
Potions
 e - 3 potions of curing {unknown}
 j - a potion of experience {unknown}
 m - a potion of haste {unknown}
 n - 2 potions of resistance {unknown}
 o - a potion of berserk rage {unknown}
 p - a potion of invisibility {unknown}

Dungeon Overview and Level Annotations

Branches:
Dungeon (4/15)
 Temple: D:4-7

Altars:
Hepliaklqana
Zin

Shops:
D:1

[ ##.#####......
#..# #...... ##.##
#...... #..# #......
#######.###......
.................
###++######.####.#..
#≈≈..≈≈# .....##.#..
# #@##≈####.#.##.#..
#≈##O.≈# #.#.##.#..
#≈..##≈# #...##.#..
#≈##.#≈# ##..##.#..
#≈≈..≈≈#####..##.#..
###†'###.......# #..
#.............# #.#
#.............# #.#
#.............#.#.#


You could see an ogre.


Message History

Things that are here:
a +0 war axe; a +0 plate armour; an orc corpse
q - a +0 war axe;
r - a +0 plate armour You hit the ogre.
The ogre is lightly wounded.
The ogre misses you. You furiously retaliate!
You headbutt the ogre.
Your skin crawls.
You feel strong-willed. The ogre closely misses you.
You hit the ogre. You headbutt the ogre!
The ogre is heavily wounded.
The ogre barely misses you.
You hit the ogre but do no damage. Your headbutt misses the ogre.
The ogre is moderately wounded.
The ogre hits you with a +0 giant club!!
* * * LOW HITPOINT WARNING * * *
You are too injured to fight recklessly!
You hit the ogre.
The ogre is heavily wounded.
The ogre barely misses you.
You are too injured to fight recklessly!
You barely miss the ogre.
The ogre is heavily wounded.
The ogre closely misses you. You furiously retaliate!
You headbutt the ogre! The ogre hits you with a +0 giant club!
* * * LOW HITPOINT WARNING * * *
You hit the ogre but do no damage. You headbutt the ogre.
The ogre is almost dead.
The ogre hits you with a +0 giant club!!
You die...

Skill      XL: |  1  2  3  4  5  6  7 |
---------------+----------------------+-----
Axes           | 4 6 7 8 |  8.4
Fighting       | 4 5 6 |  6.4
Armour         | 3 4 5 |  5.8
Dodging        | |  2.1

Action                   |  1- 3 |  4- 6 |  7- 9 || total
-------------------------+-------+-------+-------++-------
Melee: Hand axe          |    43 |    63 |    39 ||   145
       Headbutt          |     3 |     8 |    10 ||    21
       Punch             |       |     1 |       ||     1
Invok: Berserk           |     1 |     3 |     1 ||     5
       Trog's Hand       |       |       |     1 ||     1
Armor: Animal skin       |     5 |    15 |     7 ||    27
Dodge: Dodged            |    43 |    31 |    24 ||    98

Levels and vault maps discovered:
D:1:      elethiomel_arrival_maze, layout_basic,
          hellmonk_ecumenical_altar_pennies_from_heaven, serial_shops,
          nicolae_square_shop, chequers_serial_rivers_micro_d
D:2:      layout_rooms, uniq_crazy_yiuf_cottage
D:3:      layout_rooms, zin_statuary, gammafunk_ghost_cemetery
D:4:      layout_basic, old_standard_altar, kennysheep_generic_room_12

Notes
Turn   | Place    | Note
-------+----------+-------------------------------------------
     0 | D:1      | browni3141 the Minotaur Berserker began the quest for the
                  | Orb.
     0 | D:1      | Reached XP level 1. HP: 19/19 MP: 0/0
   439 | D:1      | Found Xykomad's Armour Emporium.
   477 | D:1      | Found a faded altar of an unknown god.
   482 | D:1      | Reached skill level 4 in Axes
   598 | D:1      | Reached XP level 2. HP: 25/27 MP: 1/1
   848 | D:1      | Reached skill level 4 in Fighting
  1278 | D:2      | Reached skill level 3 in Armour
  1278 | D:2      | Reached XP level 3. HP: 33/33 MP: 2/2
  1619 | D:2      | Reached XP level 4. HP: 35/40 MP: 3/3
  1716 | D:2      | Reached skill level 5 in Axes
  1932 | D:2      | Found a runed translucent door.
  1933 | D:2      | Noticed Crazy Yiuf
  2100 | D:2      | Killed Crazy Yiuf
  2456 | D:3      | Reached ** piety under Trog
  2551 | D:3      | Found a runed translucent gate.
  2551 | D:3      | Found a runed translucent gate.
  2571 | D:3      | Noticed a water moccasin
  2579 | D:3      | Killed a water moccasin
  2580 | D:3      | Reached skill level 5 in Fighting
  2580 | D:3      | Reached skill level 6 in Axes
  2580 | D:3      | Reached skill level 4 in Armour
  2580 | D:3      | Reached XP level 5. HP: 48/48 MP: 4/4
  2809 | D:3      | Found a runed translucent gate.
  2811 | D:3      | Noticed Jase's ghost (weakling DrCj)
  2811 | D:3      | Noticed mortz's ghost (amateur DECj)
  2811 | D:3      | Noticed browni3141's ghost (amateur MiBe)
  2829 | D:3      | Found a glowing silver altar of Zin.
  3221 | D:3      | Killed mortz's ghost
  3221 | D:3      | Killed Jase's ghost
  3222 | D:3      | Reached skill level 7 in Axes
  3222 | D:3      | Reached XP level 6. HP: 54/56 MP: 5/5
  3229 | D:3      | Killed browni3141's ghost
  3230 | D:3      | Reached skill level 6 in Fighting
  3230 | D:3      | Reached skill level 5 in Armour
  3230 | D:3      | Reached XP level 7. HP: 31/63 MP: 6/6
  3686 | D:4      | Found a hazy altar of Hepliaklqana.
  3755 | D:4      | Reached skill level 8 in Axes
  3953 | D:4      | Mangled by an ogre

Vanquished Creatures
  The ghost of browni3141 the Chopper, an amateur MiBe of Trog (D:3)
  The ghost of mortz the Conjurer, an amateur DECj of Sif Muna (D:3)
  A water moccasin (D:3)
  An orc warrior (D:4)
  A scorpion (D:4)
  The ghost of Jase the Conjurer, a weakling DrCj of Vehumet (D:3)
  A jelly (D:4)
  Crazy Yiuf (D:2)
  An iguana (D:4)
  An orc wizard (D:3)
  A hound skeleton (D:4)
  2 adders (D:2)
  3 gnolls (D:2)
  2 dart slugs
  3 orcs (D:3)
  6 ball pythons
  5 bats
  5 endoplasms
  A giant cockroach (D:4)
  2 goblins (D:1)
  8 hobgoblins
  4 jackals (D:1)
  5 quokkas
  2 frilled lizards
  4 rats
63 creatures vanquished.

Table legend: (Time is in decaauts)
 A = Elapsed time spent in this place.
 B = Non-inter-level travel time spent in this place.
 C = Inter-level travel time spent in this place.
 D = Time resting spent in this place.
 E = Time spent auto-exploring this place.
 F = Levels seen in this place.
 G = Mean time per level.
                   A        B        C        D        E       F      G
               +--------+--------+--------+--------+--------+-----+--------+
         Total |   3990 |   3883 |    107 |    775 |   2706 |   4 |  997.5 |
       Dungeon |   3990 |   3883 |    107 |    775 |   2706 |   4 |  997.5 |
               +--------+--------+--------+--------+--------+-----+--------+

Top non-repeatable levels by time:
     D:1: 1275 daAuts
     D:3: 1143 daAuts
     D:2: 1094 daAuts
     D:4: 476 daAuts

Table legend:
 A = Non-vault XP
 B = Vault XP
 C = Vault XP percentage of total XP
 D = Non-vault monster count
 E = Vault monster count
 F = Vault count percentage of total count
                 A         B        C        D         E       F
            +---------+---------+-------+---------+---------+-------
      Total |     530 |     757 |  58.8 |      57 |       6 |   9.5
            +---------+---------+-------+---------+---------+-------
        D:1 |      35 |       0 |   0.0 |      20 |       0 |   0.0
        D:2 |      84 |      41 |  32.8 |      14 |       1 |   6.7
        D:3 |     214 |     589 |  73.3 |      14 |       3 |  17.6
        D:4 |     197 |     127 |  39.2 |       9 |       2 |  18.2
            +---------+---------+-------+---------+---------+-------
